AoeStats
← elkorz

Arena

505992420Analyzed
1v1 RM · 21d ago on Sep 11, 2026· 40m 53s· 2 players
Game mode
Random Map
Map size
Tiny (2 player)
Population
200
Speed
Normal
Resources
Standard
Victory
Conquest
Starting age
Dark Age
Ending age
Imperial Age
RankedLock teamsTeams togetherTeam positionsShared explorationLock speedFull tech treeHidden civsTurbo modeCheats
Victory
Defeat
🇨🇴 Magyars · Colombia
784
+17
🇺🇸 Burgundians · United States
807
-17
elkorz
11:46 Feudal Age
12:15 Double-Bit Axe
12:12 Horse Collar
13:54 Wheelbarrow
13:56 Bloodlines
17:08 Loom
21:40 Castle Age
22:56 Bow Saw
25:18 Heavy Plow
25:51 Pikeman
26:55 Stone Mining
27:43 Hand Cart
31:11 Scale Barding Armor
35:13 Gold Mining
38:38 Imperial Age
36:53 Gold Shaft Mining
36:36 Corvinian Army
37:22 Ballistics
37:52 Masonry
38:49 Chain Barding Armor
41:24 Murder Holes
lacerdag
4:32 Wheelbarrow
10:43 Feudal Age
10:03 Double-Bit Axe
10:27 Gold Mining
10:27 Loom
12:32 Bow Saw
18:44 Hand Cart
21:06 Castle Age
19:51 Stone Mining
19:46 Horse Collar
20:22 Forging
22:35 Cavalier
22:39 Pikeman
24:11 Squires
35:08 Imperial Age
37:32 Paladin
Connection lost

Rejoining the realm…

Still unreachable

The connection could not be restored.

Session expired

The server has moved on; the page needs a fresh start.